 Dungeon Crawl Stone Soup version 0.26.1-2-gb8aa6d0cf2 (webtiles) character file.

Game seed: 14128905703117873735

2965 JazCRAWL the Cleaver (level 9, -8/75 HPs)
             Began as a Deep Dwarf Fighter on Feb 22, 2021.
             Was a Priest of Makhleb.
             Mangled by an orc knight
             ... wielding a +0 battleaxe
              (16 damage)
             ... in a bailey.
             The game lasted 00:13:15 (5748 turns).

JazCRAWL the Cleaver (Deep Dwarf Fighter)           Turns: 5748, Time: 00:13:16

Health: -8/75      AC: 12    Str: 24    XL:     9   Next: 52%
Magic:  15/15      EV: 10    Int: 14    God:    Makhleb [***...]
Gold:   245        SH: 11    Dex: 12    Spells: 8/8 levels left

rFire    + . .     SeeInvis .   a - +1 war axe
rCold    + . .     Faith    +   c - +1 kite shield
rNeg     . . .     Spirit   .   q - +1 scale mail {rC+}
rPois    .         Reflect  .   (no helmet)
rElec    .         Harm     .   (no cloak)
rCorr    .         Rampage  .   D - +2 pair of gloves
Will     +....                  y - +0 pair of boots
Stlth    ..........             w - amulet of faith
HPRegen  0.00/turn              m - ring of protection from fire
MPRegen  0.14/turn              E - +6 ring of intelligence

@: mighty, non-regenerating, hasted, very quick
A: damage resistance, heal wounds, sense surroundings 2, no regeneration
a: Heal Wounds, Renounce Religion, Minor Destruction, Lesser Servant of Makhleb


You were in a bailey.
You worshipped Makhleb.
Makhleb was most pleased with you.
You visited 1 branch of the dungeon, and saw 7 of its levels.
You also visited: Bailey.

You collected 500 gold pieces.
You spent 255 gold pieces at shops.

Inventory:

Hand Weapons
 a - a +1 war axe (weapon)
 j - a +2 halberd of electrocution
 B - a +0 flail of protection
Armour
 c - a +1 kite shield (worn)
 q - a +1 scale mail of cold resistance (worn)
 y - a +0 pair of boots (worn)
 D - a +2 pair of gloves (worn)
Jewellery
 m - a ring of protection from fire (left hand)
 o - an uncursed ring of fire
 w - an amulet of faith (around neck)
 x - an uncursed ring of protection from fire
 E - a +6 ring of intelligence (right hand)
Wands
 C - a wand of polymorph (10)
 G - a wand of acid (4)
 I - a wand of flame (19)
Scrolls
 b - 2 scrolls of magic mapping
 e - 4 scrolls of fear
 f - 2 scrolls of fog
 g - 4 scrolls of remove curse
 k - a scroll of immolation {unknown}
 s - 3 scrolls of identify
 t - a scroll of enchant weapon
 u - 4 scrolls of teleportation
 v - a scroll of noise {unknown}
 A - a scroll of amnesia {unknown}
 F - 2 scrolls of enchant armour
 H - a scroll of holy word {unknown}
Potions
 d - a potion of might
 h - 3 potions of haste
 i - a potion of flight
 l - 2 potions of ambrosia
 n - 2 potions of invisibility
 p - 3 potions of mutation {unknown}
 r - a potion of degeneration {unknown}
 z - a potion of attraction {unknown}
 J - a potion of curing


   Skills:
 - Level 3.0 Fighting
 + Level 10.1 Axes
 + Level 5.4 Armour
 + Level 4.0 Dodging
 + Level 5.3 Shields
 + Level 8.7 Invocations


You had 8 spell levels left.
You didn't know any spells.
Your spell library contained the following spells:

 Spells                   Type           Power        Failure   Level
 Animate Skeleton         Necr           0%           93%         1
 Apportation              Tloc           0%           93%         1
 Corona                   Hex            0%           93%         1
 Magic Dart               Conj           0%           93%         1
 Summon Small Mammal      Summ           0%           93%         1
 Corpse Rot               Necr/Air       N/A          98%         2
 Ensorcelled Hibernation  Hex/Ice        0%           98%         2
 Searing Ray              Conj           0%           98%         2
 Sublimation of Blood     Necr           0%           98%         2
 Confusing Touch          Hex            0%           100%        3
 Dazzling Flash           Conj/Hex       0%           100%        3
 Tukima's Dance           Hex            0%           100%        3
 Dispel Undead            Necr           0%           100%        4
 Fulminant Prism          Conj/Hex       0%           100%        4
 Iskenderun's Mystic Bla  Conj/Tloc      0%           100%        4
 Agony                    Necr           0%           100%        5
 Bolt of Magma            Conj/Fire/Erth 0%           100%        5
 Excruciating Wounds      Necr           0%           100%        5
 Iskenderun's Battlesphe  Conj           0%           100%        5
 Iron Shot                Conj/Erth      0%           100%        6
 Orb of Destruction       Conj           0%           100%        7
 Spellforged Servitor     Conj/Summ      0%           100%        7


Dungeon Overview and Level Annotations

Branches:
Dungeon (7/15)             Temple (0/1) D:5          Bailey (1/1)

Altars:
Cheibriados
Dithmenos
Fedhas
Kikubaaqudgha
Makhleb
Okawaru
Qazlal
Sif Muna
Uskayaw
Vehumet
Xom
Yredelemnul
Zin

Shops:
D:6 *

Annotations:
D:4 2 transporters


Innate Abilities, Weirdness & Mutations

You are resistant to damage.
You can heal yourself by infusing magical energy.
You passively map the area around you.
You do not regenerate.


Message History

You barely miss the kobold. You block the kobold's attack.
You block the gnoll's attack.
Unknown command.
The kobold throws a boomerang.
The boomerang barely misses you.
The weapon returns to the kobold!
There is an open door here.
Things that are here:
a +1 halberd of electrocution; a gnoll corpse The kobold throws a boomerang.
You block the boomerang.
The weapon returns to the kobold!
There is an open door here.
You feel very mighty all of a sudden.
You feel yourself speed up.
The orc knight hits you with a +0 battleaxe!!
* * * LOW HITPOINT WARNING * * *
You block the gnoll's attack.
You slash the orc knight!
The orc knight is moderately wounded.
The orc knight hits you with a +0 battleaxe!
You die...

##'##'###'##'##'##
((...## ##(()..##
((...#####.(...###
..∩..'.#.'..)..'.#
.....#####.....###
.....## *#.....##
##'##'###'##'##'##
##.###†#.# #.###.#
### #### ### #@#
*,* #g#g# # ##o#
g# #'##'##g## **
*#...(g## ,, , *
#...)K# , '
#.'..⌠..' , ,
###.....##* ,,
*#.....# * *
#'##'##'**


You could see an orc knight, a gnoll, a hobgoblin and a kobold.

Vanquished Creatures
  Maggie (D:7)
  5 yaks (D:7)
  4 ice beasts
  3 phantoms (D:7)
  4 bullfrogs
  A scorpion (D:4)
  3 killer bees (D:7)
  4 bullfrog zombies (D:4)
  2 centaur zombies
  A hound (D:7)
  A bullfrog skeleton (D:7)
  A centaur skeleton (D:4)
  A jelly (D:6)
  3 orc wizards (D:4)
  5 worker ants
  A hound skeleton (D:4)
  A hound zombie (D:6)
  A worker ant zombie (D:7)
  A howler monkey zombie (D:7)
  8 gnolls (Bailey)
  11 adders
  2 white imps
  2 ufetubi (D:6)
  2 adder zombies (D:4)
  2 worms
  2 dart slugs
  2 leopard geckos
  11 orcs
  A ball python (D:3)
  8 giant cockroaches
  14 goblins
  16 hobgoblins
  12 jackals
  14 kobolds
  2 quokkas
  12 bats
  9 frilled lizards
  A leopard gecko skeleton (D:4)
  2 quokka skeletons
  A quokka zombie (D:6)
  5 rats
182 creatures vanquished.

Vanquished Creatures (others)
  2 plants (D:4)
  A withered plant (D:4)
3 creatures vanquished.

Grand Total: 185 creatures vanquished

Notes
Turn   | Place    | Note
-------+----------+-------------------------------------------
     0 | D:1      | JazCRAWL the Deep Dwarf Fighter began the quest for the
                  | Orb.
     0 | D:1      | Reached XP level 1. HP: 20/20 MP: 1/1
   107 | D:1      | You fall into a shaft and drop 1 floor!
   136 | D:2      | Reached skill level 3 in Axes
   177 | D:2      | Reached XP level 2. HP: 22/27 MP: 2/2
   223 | D:2      | Found an iron altar of Okawaru.
   505 | D:2      | Reached skill level 4 in Axes
   505 | D:2      | Reached XP level 3. HP: 20/33 MP: 3/3
  1771 | D:3      | Reached XP level 4. HP: 20/40 MP: 4/4
  1936 | D:3      | Found an ancient bone altar of Kikubaaqudgha.
  1992 | D:3      | Reached skill level 5 in Axes
  2206 | D:3      | Reached XP level 5. HP: 22/49 MP: 5/5
  2219 | D:3      | HP: 2/49 [white imp/puff of frost (7)]
  2434 | D:4      | Reached skill level 6 in Axes
  2449 | D:4      | Found a stormy altar of Qazlal.
  2483 | D:4      | Found a burning altar of Makhleb.
  2493 | D:4      | Reached XP level 6. HP: 19/56 MP: 6/6
  2497 | D:4      | Became a worshipper of Makhleb the Destroyer
  2521 | D:4      | Found a transporter.
  2531 | D:4      | Found a transporter.
  2578 | D:4      | Reached skill level 7 in Axes
  2578 | D:4      | Reached skill level 1 in Invocations
  2945 | D:5      | Entered Level 5 of the Dungeon
  3038 | D:4      | Reached XP level 7. HP: 38/62 MP: 9/9
  3946 | D:5      | Found a staircase to the Ecumenical Temple.
  3957 | D:5      | Found a snail-covered altar of Cheibriados.
  3957 | D:5      | Found a shimmering altar of Xom.
  4230 | D:5      | Found a blossoming altar of Fedhas.
  4239 | D:5      | Reached skill level 8 in Axes
  4387 | D:5      | Noticed a -2 dagger
  4388 | D:5      | Noticed a -2 dagger
  4391 | D:5      | Found a hide-covered altar of Uskayaw.
  4425 | D:5      | Found a shadowy altar of Dithmenos.
  4608 | D:6      | Found a glowing silver altar of Zin.
  4610 | D:6      | Found Zin's Purification Station.
  4622 | D:6      | Bought a potion of curing for 90 gold pieces
  4648 | D:6      | Reached * piety under Makhleb
  4658 | D:6      | Reached skill level 5 in Invocations
  4809 | D:6      | Reached XP level 8. HP: 43/69 MP: 12/12
  4818 | D:6      | Reached skill level 9 in Axes
  4882 | D:6      | Found Nomyreuf's General Store.
  4887 | D:6      | Bought 2 scrolls of enchant armour for 165 gold pieces
  5007 | D:6      | Found a burning altar of Makhleb.
  5113 | D:7      | Found a basalt altar of Yredelemnul.
  5191 | D:7      | Reached skill level 1 in Dodging
  5214 | D:7      | Reached ** piety under Makhleb
  5218 | D:7      | Gained mutation: You passively map the area around you.
                  | [Deep Dwarf growth]
  5218 | D:7      | Reached XP level 9. HP: 21/75 MP: 13/15
  5296 | D:7      | Found a shimmering blue altar of Sif Muna.
  5347 | D:7      | Found a radiant altar of Vehumet.
  5386 | D:7      | Noticed Maggie
  5411 | D:7      | Killed Maggie
  5412 | D:7      | Reached skill level 10 in Axes
  5412 | D:7      | Reached skill level 5 in Armour
  5412 | D:7      | Reached skill level 5 in Shields
  5591 | D:7      | Found a flagged portal.
  5600 | Bailey   | Entered a bailey
  5686 | Bailey   | Reached *** piety under Makhleb
  5737 | Bailey   | Noticed an orc knight
  5748 | Bailey   | Mangled by an orc knight

Illustrated notes

Levels and vault maps discovered:
D:1:      erik_arrival_orb_chamber, layout_basic
D:2:      layout_loops_ring, nicolae_overflow_crystal_walls
D:3:      layout_rooms, general_overflow_altar
D:4:      gammafunk_wand_slinger, layout_layer_cave, grunt_qazlal_clouds,
          serial_undead, serial_undead_f, serial_undead_f, serial_undead_d,
          serial_undead_a, hangedman_glass_garden, lemuel_tele_altar
D:5:      layout_gridville, kennysheep_mini_moat, fedhas_altar_3,
          dancing_weapons_uskayaw, gammafunk_temple_overflow_wave,
          minmay_temple_entry_wispy
D:6:      layout_rooms, zin_purify, lemuel_round_altar, serial_shops,
          kennysheep_little_box
D:7:      layout_loops_ring, vehumet_crystals, lemuel_crystal_altar,
          basic_altar, enter_bailey_3, uniq_maggie
Bailey:   bailey_axe_2, bailey

Skill      XL: |  1  2  3  4  5  6  7  8  9 |
---------------+----------------------------+-----
Axes           | 3 4 5 6 7 8 9 10 | 10.1
Fighting       | 3 |  3.0
Invocations    | 3 6 8 |  8.7
Dodging        | 2 4 |  4.0
Armour         | 4 5 |  5.4
Shields        | 4 5 |  5.3

Action                   |  1- 3 |  4- 6 |  7- 9 || total
-------------------------+-------+-------+-------++-------
Melee: War axe           |   138 |   171 |   287 ||   596
Invok: Minor Destruction |       |       |    10 ||    10
 Abil: Heal Wounds       |       |     4 |     9 ||    13
  Use: Scroll            |     8 |     3 |       ||    11
       Potion            |       |     3 |     7 ||    10
Armor: Scale mail        |    85 |    57 |   109 ||   251
Dodge: Dodged            |    42 |    62 |    95 ||   199
Block: Kite shield       |    88 |   110 |   192 ||   390
